AoeStats
← 楚南公

African Clearing

504712975Analyzed
4v4 RM · 27d ago on Sep 6, 2026· 60m 18s· 8 players
Game mode
Random Map
Map size
Large (8 player)
Population
200
Speed
Normal
Resources
Standard
Victory
Conquest
Starting age
Dark Age
Ending age
Imperial Age
RankedLock teamsTeams togetherTeam positionsShared explorationLock speedFull tech treeHidden civsTurbo modeCheats
Victory
Defeat
🇩🇪 Burmese · Germany
1285
+14
🇨🇳 Sicilians · China
1281
+14
🇨🇳 Burgundians · China
1203
+17
🇨🇳 Magyars · China
1198
+18
🇧🇷 Spanish · Brazil
1383
-21
🇺🇸 Inca · United States
1214
-15
🇬🇧 Bohemians · United Kingdom
1181
-14
🇧🇷 Berbers · Brazil
1161
-13
Zenar
6:19 Loom
13:58 Feudal Age
19:50 Castle Age
27:38 Pikeman
28:21 Squires
29:35 Scale Mail Armor
32:58 Champi Runner
36:44 Chain Mail Armor
37:11 Champi Warrior
38:55 Champi Warrior
44:09 Double-Bit Axe
44:15 Horse Collar
46:10 Wheelbarrow
53:21 Imperial Age
The_Only_Koala
13:56 Feudal Age
12:39 Loom
18:21 Castle Age
16:10 Horse Collar
16:51 Double-Bit Axe
17:28 Padded Archer Armor
20:05 Leather Archer Armor
20:56 Chemistry
24:32 Bow Saw
25:49 Ballistics
27:04 Wheelbarrow
28:23 Heavy Plow
30:20 Town Watch
30:31 Fletching
32:01 Treadmill Crane
37:53 Hand Cart
38:00 Masonry
50:15 Wagenburg Tactics
SS_Creuzebeck
4:30 Loom
13:40 Feudal Age
17:18 Castle Age
17:35 Double-Bit Axe
18:33 Wheelbarrow
28:30 Bow Saw
31:31 Fletching
31:42 Padded Archer Armor
34:39 Bodkin Arrow
34:59 Leather Archer Armor
35:09 Hand Cart
34:40 Town Watch
35:26 Bloodlines
36:40 Ballistics
40:32 Imperial Age
38:12 Light Cavalry
38:52 Husbandry
39:02 Scale Barding Armor
39:08 Forging
39:46 Masonry
39:32 Murder Holes
39:23 Horse Collar
40:59 Chain Barding Armor
41:14 Iron Casting
42:22 Hussar
43:33 Bracer
45:34 Plate Barding Armor
45:42 Conscription
45:05 Elite Camel Archer
46:48 Ring Archer Armor
47:01 Maghrebi Camels
48:51 Blast Furnace
48:46 Hoardings
48:12 Kasbah
49:38 Chemistry
51:35 Heavy Camel Rider
SS_Tiozão
3:22 Loom
14:37 Feudal Age
18:45 Castle Age
16:35 Double-Bit Axe
20:14 Bloodlines
20:05 Husbandry
20:07 Padded Archer Armor
23:59 Horse Collar
27:16 Leather Archer Armor
31:26 Wheelbarrow
32:18 Bow Saw
32:10 Heavy Plow
32:04 Gold Mining
35:20 Imperial Age
32:37 Town Watch
33:28 Hand Cart
34:29 Scale Barding Armor
34:35 Forging
35:00 Town Patrol
36:01 Chain Barding Armor
36:51 Conscription
36:58 Conscription
36:08 Cavalier
37:16 Pikeman
38:34 Iron Casting
38:35 Plate Barding Armor
38:26 Halberdier
39:53 Scale Mail Armor
40:19 Squires
40:05 Arson
42:04 Blast Furnace
42:41 Chemistry
42:27 Chain Mail Armor
46:16 Elite Conquistador
48:53 Plate Mail Armor
49:09 Capped Ram
50:34 Siege Ram
54:19 Fletching
Zaramot
6:46 Loom
14:52 Feudal Age
19:40 Castle Age
30:28 Fletching
32:23 Elite Skirmisher
34:26 Bodkin Arrow
34:32 Padded Archer Armor
37:51 Ballistics
41:37 Horse Collar
41:51 Gold Mining
44:22 Murder Holes
45:14 Wheelbarrow
46:42 Heavy Plow
50:49 Imperial Age
49:55 Husbandry
50:05 Bloodlines
51:50 Elite Arambai
52:51 Conscription
55:34 Onager
60:08 Siege Engineers
800分天才玩家
3:48 Loom
14:13 Feudal Age
17:42 Castle Age
15:45 Double-Bit Axe
16:43 Horse Collar
21:44 Bow Saw
24:12 Heavy Plow
25:09 Wheelbarrow
25:32 Gold Mining
26:54 Gold Shaft Mining
26:33 Town Watch
27:29 Scale Barding Armor
27:35 Forging
28:10 Bloodlines
28:01 Husbandry
29:20 Hand Cart
35:07 Chain Barding Armor
37:17 Iron Casting
40:02 Imperial Age
37:33 Town Patrol
40:00 First Crusade
40:05 Cavalier
41:07 Conscription
42:17 Plate Barding Armor
42:17 Crop Rotation
42:56 Blast Furnace
41:49 Fletching
43:12 Hauberk
42:28 Elite Serjeant
44:27 Scale Mail Armor
44:53 Ballistics
45:33 Chemistry
44:44 Masonry
50:25 Stone Mining
51:24 Chain Mail Armor
51:05 Bodkin Arrow
51:09 Murder Holes
51:20 Siege Engineers
51:01 Arrowslits
51:07 Heated Shot
juju9292
9:06 Loom
10:20 Loom
13:17 Feudal Age
18:00 Castle Age
16:46 Stone Mining
17:01 Double-Bit Axe
18:16 Wheelbarrow
19:07 Gold Mining
23:52 Bow Saw
27:59 Two-Man Saw
29:28 Sanctity
32:59 Imperial Age
31:49 Fortified Wall
31:51 Cavalier
33:59 Gold Shaft Mining
33:50 Paladin
34:43 Scale Barding Armor
36:29 Chain Barding Armor
37:17 Forging
38:07 Caravan
39:26 Plate Barding Armor
楚南公
8:59 Loom
12:17 Feudal Age
13:00 Town Watch
13:32 Double-Bit Axe
17:39 Fletching
18:30 Horse Collar
20:31 Gold Mining
21:18 Wheelbarrow
25:48 Castle Age
26:18 Scale Barding Armor
25:51 Light Cavalry
29:57 Bow Saw
42:32 Heavy Plow
48:03 Imperial Age
45:12 Pikeman
46:30 Hand Cart
46:16 Arson
47:03 Scale Mail Armor
48:09 Chain Mail Armor
48:08 Halberdier
48:41 Elite Magyar Huszar
49:42 Conscription
49:43 Chain Barding Armor
51:10 Plate Barding Armor
50:37 Corvinian Army
51:47 Two-Man Saw
51:19 Crop Rotation
52:50 Bloodlines
52:41 Husbandry
53:20 Thumb Ring
53:42 Parthian Tactics
56:47 Bodkin Arrow
56:30 Onager
58:02 Town Patrol
58:44 Bracer
58:45 Heavy Cavalry Archer
59:27 Bracer
60:45 Padded Archer Armor
Connection lost

Rejoining the realm…

Still unreachable

The connection could not be restored.

Session expired

The server has moved on; the page needs a fresh start.